 Dungeon Crawl Stone Soup version 0.19-a0-283-g61a59a3 (webtiles) character file.

118 Chemotherapy the Charmwright (level 4, -4/29 HPs)
             Began as a High Elf Skald on May 25, 2016.
             Slain by a hound (6 damage)
             ... on level 4 of the Dungeon on May 26, 2016.
             The game lasted 00:08:27 (2528 turns).

Chemotherapy the Charmwright (High Elf Skald)       Turns: 2528, Time: 00:08:28

Health: -4/29      AC:  5    Str: 15    XL:     4   Next: 72%
Magic:  2/8        EV: 12    Int: 16    God:
Gold:   75         SH:  0    Dex: 15    Spells: 3 memorised, 2 levels left

rFire  . . .     SeeInvis .     a - +0 falchion
rCold  . . .     Gourm    .     x - +2 robe {MR+}
rNeg   . . .     Faith    .     (no shield)
rPois  .         Spirit   .     (no helmet)
rElec  .         Dismiss  .     (no cloak)
rCorr  .         Reflect  .     (no gloves)
SustAt .         Harm     .     e - +0 pair of boots
MR     +....                    (no amulet)
Stlth  +.........               (no ring)
                                i - +4 ring of strength

@: very slightly contaminated, somewhat resistant to hostile enchantments, very
unstealthy
A: no striking features
a: no special abilities


You were on level 4 of the Dungeon.
You were not hungry.

You visited 1 branch of the dungeon, and saw 4 of its levels.

You collected 75 gold pieces.

Inventory:

Hand Weapons
 a - a +0 falchion (weapon)
 q - a +1 short sword of holy wrath
   (You took it off a kobold on level 2 of the Dungeon)
Missiles
 s - 2 throwing nets {=f, !d}
Armour
 b - a +0 leather armour
 e - a +0 pair of boots (worn)
   (You found it on level 1 of the Dungeon)
 x - a +2 robe of magic resistance (worn)
   (You found it on level 4 of the Dungeon)
 y - a cursed +0 robe
   (You found it on level 4 of the Dungeon)
Jewellery
 i - a +4 ring of strength (left hand)
   (You found it on level 1 of the Dungeon)
Scrolls
 f - 3 scrolls of identify {unknown}
 g - a scroll of amnesia {unknown}
 k - 5 scrolls of remove curse {unknown}
 n - 2 scrolls of fear {unknown}
 t - a scroll of blinking {unknown}
 u - a scroll of immolation {unknown}
 w - 2 scrolls of recharging {unknown}
Potions
 l - a potion of heal wounds {unknown}
 o - a potion of lignification {unknown}
 p - 2 potions of haste {unknown}
 v - 2 potions of curing {unknown}
Books
 c - a book of Battle
Comestibles
 d - 4 bread rations {@e1}
 h - a slice of pizza
 j - 2 meat rations {@e2}
 m - 4 chunks of flesh {@w0}
 r - a beef jerky


   Skills:
 - Level 2.0 Fighting
 * Level 4.2 Long Blades
 - Level 0.8 Armour
 - Level 1.1 Dodging
 + Level 2.5 Spellcasting
 + Level 0.2 Hexes
 * Level 5.1 Charms
 + Level 1.3 Translocations


You had 2 spell levels left.
You knew the following spells:

 Your Spells              Type           Power        Failure   Level  Hunger
a - Infusion              Chrm           ###.         2%          1    #......
s - Shroud of Golubria    Chrm/Tloc      ##........   10%         2    ##.....
z - Spectral Weapon       Hex/Chrm       ##......     21%         3    ###....


Dungeon Overview and Level Annotations

Branches:
Dungeon (4/15)
 Temple: D:4-7

Altars:

Annotations:
D:3 Thraspic's ghost, amateur MiFi


Message History

Your shroud begins to fray at the edges.
You continue eating. x2
Your magical infusion is running out.
You start resting.
Your shroud unravels.
You start resting.
You are no longer magically infusing your attacks.
You start resting.
Some of the chunks of flesh in your inventory have rotted away.
You hear the slow rusting of a distant drain.
You start resting.
Your magical contamination has completely faded away.
You start resting.
You hear the slow rusting of a distant drain.
You regained 3 hp, and now have 13/29 hp.
MP restored: 8 You now have 75 gold pieces (gained 11).
Unknown command.
k - 5 scrolls labeled TAARGH UWKIETRIGA (gained 1)
You see here a runed robe.
y - a runed robe Unknown command.
Wear which item? (? for menu, Esc to quit)
You start removing your armour.
You continue taking off your +0 leather armour. x4
You finish taking off your +0 leather armour.
You start putting on your armour.
You continue putting on your glowing robe. x5
You finish putting on your +2 robe of magic resistance.
You feel resistant to hostile enchantments.
Unknown command.
Okay, then.
Unknown command.
You start resting.
You hear the slow rusting of a distant drain.
You regained 2 hp, and now have 18/29 hp.
w - 2 scrolls labeled TIPTEIG KUIGYD (gained 1)
An orc comes into view. It is wielding a whip.
Found an escape hatch in the floor.
Found a stone staircase leading down.
You begin infusing your attacks with magical energy.
You now have 7/8 mp.
The orc shouts!
You hit the orc. The orc hits you but does no damage.
You now have 6/8 mp.
You hit the orc but do no damage. The orc hits you but does no damage.
You hit the orc.
You kill the orc!
You now have 5/8 mp.
Found a stone staircase leading up.
Things that are here:
a whip; a ring mail
Things that are here:
a whip; a ring mail There isn't anything to butcher here.
There is an escape hatch in the floor here.
An adder skeleton comes into view.
The adder skeleton moves out of view.
You hit the adder skeleton.
The adder skeleton bites you but does no damage.
You slash the adder skeleton!
You destroy the adder skeleton!
You now have 5/8 mp.
A worm comes into view.
Space distorts slightly along a thin shroud covering your body.
You now have 3/8 mp.
Unknown command.
You miscast Spectral Weapon.
You are very lightly contaminated with residual magic.
Strange energies run through your body.
You now have 0/8 mp.
You don't have enough magic to cast that spell.
The worm barely misses you.
You hit the worm but do no damage. The worm barely misses you.
You barely miss the worm. You hit the worm.
Your shroud bends the worm's attack away!
You now have 0/8 mp.
You barely miss the worm. The worm bites you!
You take 11 damage, and have 11/29 hp.
MASSIVE DAMAGE!!
You slash the worm!
Your magical infusion is running out.
You barely miss the worm.
You hear the rusting of a distant drain.
Your shroud bends the worm's attack away.
You barely miss the worm. You hit the worm.
Your shroud begins to fray at the edges.
The worm barely misses you.
You barely miss the worm. The worm bites you!
* * * LOW HITPOINT WARNING * * *
Your shroud falls apart!
You take 10 damage, and have 2/29 hp.
MASSIVE DAMAGE!!
You are no longer magically infusing your attacks.
A hound comes into view.
The hound barks!
The hound barely misses you. The hound misses you.
You closely miss the hound. The hound closely misses you. The hound bites you.
You die...

########## #########
#........###.......###########
#............>....)...........
#........###.......##########.
#........###...............##<
#........w..h@..>...<.........
#........##........####.##.#..
#........##........# ##.#..
#........##..##.#### #.#..
#.!......###...... #..#.
#........# #....#.. ##.#.
#######.## #....#### .####...
#.# #....# ........ #.#
.#####..


You could see a worm and a hound.

Vanquished Creatures
  A worker ant (D:4)
  2 adders
  An ooze (D:1)
  An adder skeleton (D:4)
  2 worms
  A dart slug (D:2)
  A giant gecko (D:1)
  7 orcs
  A ball python (D:1)
  2 giant cockroaches
  3 goblins
  3 hobgoblins
  9 jackals
  A quokka (D:2)
  A ball python skeleton (D:4)
  8 bats
  A giant newt (D:1)
  4 kobolds
  4 rats
53 creatures vanquished.

Notes
Turn   | Place    | Note
--------------------------------------------------------------
     0 | D:1      | Chemotherapy the High Elf Skald began the quest for the Orb.
     0 | D:1      | Reached XP level 1. HP: 14/14 MP: 4/4
   215 | D:1      | Reached skill level 4 in Charms
   215 | D:1      | Reached XP level 2. HP: 11/19 MP: 1/6
   419 | D:1      | Learned a level 2 spell: Shroud of Golubria
   473 | D:1      | Reached skill level 3 in Long Blades
   918 | D:2      | Reached XP level 3. HP: 24/24 MP: 3/7
  1724 | D:2      | Learned a level 3 spell: Spectral Weapon
  1786 | D:3      | Found a faded altar to an unknown god.
  2051 | D:3      | Reached skill level 5 in Charms
  2051 | D:3      | Reached XP level 4. HP: 27/29 MP: 0/8
  2311 | D:3      | Reached skill level 1 in Translocations
  2312 | D:3      | Noticed Thraspic's ghost (amateur MiFi)
  2326 | D:4      | Reached skill level 4 in Long Blades
  2332 | D:4      | penpaper: hi
  2332 | D:4      | Upgraded the game from 0.19-a0-264-gaf32591 to 0.19-a0-283-g61a59a3
  2345 | D:4      | HP: 7/29 [worker ant (3)]
  2519 | D:4      | HP: 2/29 [worm (10)]
  2528 | D:4      | Slain by a hound

Vault maps used:
D:1:      dpeg_arrival_central, minmay_crystal_room, hangedman_feature_mirror
D:3:      first_bread, ecumenical_altar_2, minivault_11, serial_park_tiny_1,
          minmay_misc_feat_chi, grunt_ashenzari_visionary
D:4:      fedhas_altar_2, minmay_temple_entry_statues_fountains, serial_shops,
          shop, nicolae_shop_trees, shop, gup_sewer_entry_bubbles

Skill      XL: |  1  2  3  4 |
---------------+-------------+-----
Charms         | 4 5 |  5.1
Long Blades    | 3 4 |  4.2
Translocations | 1 |  1.3
Fighting       | |  2.0
Armour         | |  0.8
Dodging        | |  1.1
Spellcasting   | |  2.5
Hexes          | |  0.2

Action                   |  1- 3 |  4- 6 || total
-------------------------+-------+-------++-------
Melee: Falchion          |   125 |    55 ||   180
 Cast: Infusion          |    11 |     2 ||    13
       Shroud of Golubri |     4 |     5 ||     9
 Stab: Sleeping          |     1 |       ||     1
  Eat: Chunk             |     4 |     2 ||     6
Armor: Leather armour    |    54 |    13 ||    67
       Robe              |       |     3 ||     3
Dodge: Dodged            |    94 |    31 ||   125

Vault maps used:
D:1:      dpeg_arrival_central, minmay_crystal_room, hangedman_feature_mirror
D:3:      first_bread, ecumenical_altar_2, minivault_11, serial_park_tiny_1,
          minmay_misc_feat_chi, grunt_ashenzari_visionary
D:4:      fedhas_altar_2, minmay_temple_entry_statues_fountains, serial_shops,
          shop, nicolae_shop_trees, shop, gup_sewer_entry_bubbles

Table legend:
 A = Turns spent in this place as a percentage of turns spent in the entire game.
 B = Non-inter-level travel turns spent in this place as a percentage of non-inter-level travel turns spent in the entire game.
 C = Inter-level travel turns spent in this place as a percentage of turns spent in this place.
 D = Turns resting spent in this place as a percentage of non-inter-level travel turns spent in this place.
 E = Turns spent auto-exploring this place as a percentage of non-inter-level travel turns spent in this place.
 F = Non-inter-level travel turns spent in this place divided by the number of levels of this place that you've seen.
                   A       B       C       D       E      F
               +-------+-------+-------+-------+-------+----------------------
         Total | 100.0 | 100.0 |   0.5 |   7.9 |  10.0 | 154.5
       Dungeon | 100.0 | 100.0 |   0.5 |   7.9 |  10.0 | 154.5
               +-------+-------+-------+-------+-------+----------------------

Table legend:
 A = Kills in this place as a percentage of kills in entire the game.
 B = Kills by you in this place as a percentage of kills by you in the entire game.
 C = Kills by friends in this place as a percentage of kills by friends in the entire game.
 D = Other kills in this place as a percentage of other kills in the entire game.
 E = Experience gained in this place as a percentage of experience gained in the entire game.
 F = Experience gained in this place divided by the number of levels of this place that you have seen.
                   A       B       C       D       E      F
               +-------+-------+-------+-------+-------+----------------------
         Total | 100.0 | 100.0 |  -nan |  -nan | 100.0 |  42.2
       Dungeon | 100.0 | 100.0 |  -nan |  -nan | 100.0 |  42.2
               +-------+-------+-------+-------+-------+----------------------
